 Dungeon Crawl Stone Soup version 0.22-a0-354-g30dfbe6 (webtiles) character file.

205 Amnesiac the Grave Robber (level 5, -3/38 HPs)
             Began as a Mummy Necromancer on Apr 17, 2018.
             Slain by VDreamerV's ghost (5 damage)
             ... on level 3 of the Dungeon.
             The game lasted 00:10:49 (5961 turns).

Amnesiac the Grave Robber (Mummy Necromancer)       Turns: 5961, Time: 00:10:50

Health: -3/38      AC:  2    Str: 11    XL:     5   Next: 52%
Magic:  10/10      EV: 13    Int: 21    God:
Gold:   164        SH:  0    Dex: 13    Spells: 7/11 levels left

rFire    x . .     SeeInvis .   e - +0 hunting sling
rCold    + . .     Gourm    .   (no shield)
rNeg     + + +     Faith    .   a - +0 robe
rPois    ∞         Spirit   .   (no helmet)
rElec    .         Reflect  .   (no cloak)
rCorr    .         Harm     .   (no gloves)
MR       .....                  (no boots)
Stlth    ++........             (no amulet)
HPRegen  0.12/turn              j - +6 ring of intelligence
MPRegen  0.12/turn              (no ring)

@: no status effects
A: no food or potions, fire vulnerability, cold resistance 1, negative energy
resistance 3, torment resistance, unbreathing
a: no special abilities


You were on level 3 of the Dungeon.
You were not hungry.

You visited 1 branch of the dungeon, and saw 3 of its levels.

You collected 164 gold pieces.

Inventory:

Hand Weapons
 e - a +0 hunting sling (weapon)
 l - a +1 dagger of venom
Missiles
 g - 46 stones (quivered)
Armour
 a - a +0 robe (worn)
Jewellery
 j - a +6 ring of intelligence (left hand)
Wands
 k - a wand of random effects (11)
Scrolls
 b - 3 scrolls of remove curse {!r}
 c - 2 scrolls of identify {!r}
 d - 3 scrolls of immolation {!r}
 f - 4 scrolls of teleportation {!r}
 i - a scroll of enchant armour {!r}


   Skills:
 + Level 2.0 Fighting
 - Level 0.4 Armour
 * Level 3.1 Dodging
 - Level 1.5 Stealth
 - Level 3.5 Spellcasting
 - Level 5.0 Necromancy


You had 7 spell levels left.
You knew the following spells:

 Your Spells              Type           Power        Failure   Level  Hunger
a - Pain                  Necr           ###.         1%          1    N/A
d - Vampiric Draining     Necr           ###.......   4%          3    N/A

Dungeon Overview and Level Annotations

Branches:
Dungeon (3/15)

Altars:
Trog

Annotations:
D:3 VDreamerV's ghost, amateur OpTm


Innate Abilities, Weirdness & Mutations

You do not eat or drink.
Your flesh is vulnerable to fire.
You are immune to poison.
Your flesh is cold resistant. (rC+)
You are immune to negative energy. (rN+++)
You are immune to unholy pain and torment.
You can survive without breathing.


Message History

Firing (i - inventory. (/) - cycle)
h - 2 sling bullets (quivered)
Press: ? - help, Shift-Dir - straight line, f/p - VDreamerV's ghost
Aim: VDreamerV's ghost (lightly damaged, fast, confused)
You shoot a sling bullet.
The sling bullet barely misses VDreamerV's ghost.
Firing (i - inventory. (/) - cycle)
h - a sling bullet (quivered)
Press: ? - help, Shift-Dir - straight line, f/p - VDreamerV's ghost
Aim: VDreamerV's ghost (lightly damaged, fast, confused)
You shoot a sling bullet.
The sling bullet barely misses VDreamerV's ghost.
Firing (i - inventory)
g - 53 stones (quivered)
Press: ? - help, Shift-Dir - straight line, f/p - VDreamerV's ghost
Aim: VDreamerV's ghost (lightly damaged, fast, confused)
You shoot a stone.
The stone completely misses VDreamerV's ghost.
Firing (i - inventory)
g - 52 stones (quivered)
Press: ? - help, Shift-Dir - straight line, f/p - VDreamerV's ghost
Aim: VDreamerV's ghost (lightly damaged, fast, confused)
You shoot a stone.
The stone closely misses VDreamerV's ghost.
VDreamerV's ghost seems less confused.
VDreamerV's ghost lets out a mournful wail.
VDreamerV's ghost barely misses you.
Firing (i - inventory)
g - 51 stones (quivered)
Press: ? - help, Shift-Dir - straight line, f/p - VDreamerV's ghost
Aim: VDreamerV's ghost (lightly damaged, fast)
You shoot a stone. The stone misses VDreamerV's ghost.
VDreamerV's ghost misses you. VDreamerV's ghost closely misses you.
Firing (i - inventory)
g - 50 stones (quivered)
Press: ? - help, Shift-Dir - straight line, f/p - VDreamerV's ghost
Aim: VDreamerV's ghost (lightly damaged, fast)
You shoot a stone. The stone misses VDreamerV's ghost.
VDreamerV's ghost hits you!
VDreamerV's ghost wails.
VDreamerV's ghost barely misses you.
Firing (i - inventory)
g - 49 stones (quivered)
Press: ? - help, Shift-Dir - straight line, f/p - VDreamerV's ghost
Aim: VDreamerV's ghost (lightly damaged, fast)
You shoot a stone.
The stone closely misses VDreamerV's ghost.
VDreamerV's ghost hits you!
* * * LOW HITPOINT WARNING * * *
VDreamerV's ghost misses you.
Firing (i - inventory)
g - 48 stones (quivered)
Press: ? - help, Shift-Dir - straight line, f/p - VDreamerV's ghost
Aim: VDreamerV's ghost (lightly damaged, fast)
You shoot a stone.
The stone closely misses VDreamerV's ghost.
VDreamerV's ghost hits you.
* * * LOW HITPOINT WARNING * * *
VDreamerV's ghost completely misses you.
Firing (i - inventory)
g - 47 stones (quivered)
Press: ? - help, Shift-Dir - straight line, f/p - VDreamerV's ghost
Aim: VDreamerV's ghost (lightly damaged, fast)
You shoot a stone. The stone hits VDreamerV's ghost.
VDreamerV's ghost is lightly damaged.
VDreamerV's ghost hits you.
* * * LOW HITPOINT WARNING * * *
VDreamerV's ghost shrieks, "You must not succeed where I failed!"
VDreamerV's ghost hits you!
* * * LOW HITPOINT WARNING * * *
There is a stone staircase leading up here.
VDreamerV's ghost hits you.
You die...

..#...#.# #.#....#.####.##### #.
).#.#.#.# #.#.#.##..........# #.
..#.#.#.# #.#.#.##...%......# #.
..#.#.#.# #.#.#.##..........# #.
#.#.#.#.###.#.#.##(####.########.
.......)......(((..).(...........
#.#.#...###.#.#.##.####.########.
#.#.#######.#(#W##.# #.# ######.
#.#.......#.#.(.@#.####.# #......
#.#.........#(...!....#.# #......
#.#.#####.###.#(...##.#.# #......
..#.# #.....#######.#.# #####..
.##.# #[..(......##.#.# #..
.##.######....####.##.#.# #..
.##.#..<....#....#.##.#.# #..
###.#.###....###.#.##.#.# #..
..#.#.# #.#..# #.#.##.#W# #..


You could see VDreamerV's ghost.

Vanquished Creatures
  An orc priest (D:3)
  Ijyb (D:3)
  An orc wizard (D:3)
  3 adders
  2 dart slugs
  5 leopard geckos
  13 orcs
  10 bats
  6 giant cockroaches
  7 goblins
  8 hobgoblins
  3 quokkas
  2 ball pythons (D:1)
  3 frilled lizards
  6 kobolds
  3 rats
74 creatures vanquished.

Notes
Turn   | Place    | Note
-------+----------+-------------------------------------------
     0 | D:1      | Amnesiac the Mummy Necromancer began the quest for the Orb.
     0 | D:1      | Reached XP level 1. HP: 13/13 MP: 4/4
   260 | D:1      | Reached XP level 2. HP: 10/19 MP: 1/6
   579 | D:1      | Reached XP level 3. HP: 4/24 MP: 0/7
   680 | D:1      | Learned a level 3 spell: Vampiric Draining
  1382 | D:2      | Reached skill level 5 in Necromancy
  1984 | D:3      | Noticed Ijyb
  2051 | D:3      | Reached XP level 4. HP: 24/31 MP: 4/9
  2135 | D:3      | Reached skill level 1 in Fighting
  2333 | D:3      | Found a bloodstained altar of Trog.
  2444 | D:3      | Noticed VDreamerV's ghost (amateur OpTm)
  2507 | D:3      | Reached XP level 5. HP: 10/37 MP: 1/10
  3491 | D:3      | Killed Ijyb
  5541 | D:3      | HP: 1/38 [VDreamerV's ghost (1)]
  5961 | D:3      | Slain by VDreamerV's ghost

Vault maps used:
D:1:      eino_arrival_cavern_d, serial_forest, infiniplex_forest_clump_curved,
          infiniplex_forest_straight_2, infiniplex_forest_pool,
          infiniplex_forest_lined_4_way, infiniplex_forest_clump_tiny,
          infiniplex_forest_clump_C, infiniplex_forest_lined_3,
          minmay_heptomino_w4
D:2:      serial_bayou_lake_a
D:3:      bloody_trog, uniq_ijyb

Skill      XL: |  1  2  3  4  5 |
---------------+----------------+-----
Spellcasting   | 3 |  3.5
Necromancy     | 5 |  5.0
Fighting       | 1 2 |  2.0
Dodging        | 2 3 |  3.1
Armour         | |  0.4
Stealth        | |  1.5

Action                   |  1- 3 |  4- 6 || total
-------------------------+-------+-------++-------
Melee: Unarmed           |    51 |       ||    51
 Fire: Hunting sling     |    24 |   227 ||   251
 Cast: Pain              |    79 |     9 ||    88
       Vampiric Draining |       |     7 ||     7
Evoke: Wand              |       |    13 ||    13
  Use: Scroll            |       |     4 ||     4
Armor: Robe              |    33 |    19 ||    52
Dodge: Dodged            |    76 |    78 ||   154

Table legend:
 A = Spawn XP
 B = Non-spawn XP
 C = Spawn XP percentage of total XP
 D = Spawn monster count
 E = Non-spawn monster count
 F = Spawn count percentage of total count
 G = Total turns spent on level
                    A         B        C        D         E        F      G
               +---------+---------+-------+---------+---------+-------+---------
         Total |       0 |     293 |   0.0 |       0 |      74 |   0.0 |  5961
               +---------+---------+-------+---------+---------+-------+---------
           D:1 |       0 |      52 |   0.0 |       0 |      29 |   0.0 |  1380
           D:2 |       0 |      38 |   0.0 |       0 |      13 |   0.0 |  2480
           D:3 |       0 |     203 |   0.0 |       0 |      32 |   0.0 |  2101
               +---------+---------+-------+---------+---------+-------+---------
